[Event "Titled Tuesday Blitz March 08 Late 2022"]
[White "Stoleriu, George"]
[Black "Chernomordik, Pavel"]
[WhiteFideId "1227505"]
[BlackFideId "2804530"]
[WhiteElo "2203"]
[BlackElo "2249"]
[Result "1-0"]
[Round "07"]
[TimeControl "180+1"]
[Date "2022.03.09"]
[WhiteClock "0:00:05"]
[BlackClock "0:00:21"]

1. e4 g6 2. d4 Bg7 3. Nc3 d6 4. Be3 a6 5. Qd2 b5 6. Bd3 Bb7 7. f3 Nd7 8. Nce2 c5 9. c3 Qc7 10. h4 h6 11. Nh3 Ngf6 12. Nf2 e5 13. d5 c4 14. Bc2 Nc5 15. b4 cxb3 16. axb3 Nh5 17. g4 Nf4 18. Nxf4 exf4 19. Bd4 Be5 20. g5 hxg5 21. Ng4 Nd7 22. Ke2 gxh4 23. Nf2 Rc8 24. Bd3 Nf6 25. Bxe5 dxe5 26. c4 Nh5 27. Rhc1 Ng3+ 28. Ke1 b4 29. c5 h3 30. Nxh3 Rxh3 31. Qf2 Rh1+ 32. Kd2 Rxc1 33. Rxc1 Qa5 34. c6 Ba8 35. Qa7 Qc7 36. Qc5 Rd8 37. Bxa6 f5 38. Bd3 Kf7 39. Ra1 Bxc6 40. Ra7 Qxa7 41. Qxa7+ Bd7 42. Qc7 Ke8 43. Qxe5+ Kf7 44. Qxf4 Nh5 45. Qc7 Ke8 46. d6 Rc8 47. Qb7 f4 48. Bb5 Nf6 49. Bxd7+ 1-0


[Site "https://www.chess.com"]

[Event "Titled Tuesday Blitz March 08 Late 2022"]
[White "Supatashvili, Khvicha"]
[Black "Corallo, Michael"]
[WhiteFideId "13600664"]
[BlackFideId "2024152"]
[WhiteElo "2682"]
[BlackElo "2150"]
[Result "1-0"]
[Round "07"]
[TimeControl "180+1"]
[Date "2022.03.09"]
[WhiteClock "0:02:11"]
[BlackClock "0:01:22"]

1. e4 e5 2. Nf3 Nc6 3. Bc4 Nf6 4. d3 Bc5 5. O-O O-O 6. Re1 d6 7. c3 Ne7 8. d4 exd4 9. cxd4 Bb6 10. Bb3 c5 11. d5 Ng6 12. h3 Re8 13. Nc3 Ba5 14. Nd2 Bd7 15. a4 Ne5 16. Bc2 Bb4 17. f4 Ng6 18. Nf3 Nh5 19. f5 Ne5 20. Nxe5 Rxe5 21. Qxh5 Bxf5 22. Qf3 1-0


[Site "https://www.chess.com"]

[Event "Titled Tuesday Blitz March 08 Late 2022"]
[White "Svane, Rasmus"]
[Black "Holt, Conrad"]
[WhiteFideId "4657101"]
[BlackFideId "2034387"]
[WhiteElo "2645"]
[BlackElo "2586"]
[Result "1/2-1/2"]
[Round "07"]
[TimeControl "180+1"]
[Date "2022.03.08"]
[WhiteClock "0:00:03"]
[BlackClock "0:00:05"]

1. Nf3 d5 2. g3 Bg4 3. Bg2 Nd7 4. O-O e6 5. h3 Bxf3 6. Bxf3 Bd6 7. d3 Ngf6 8. e4 O-O 9. Nd2 c6 10. Bg2 Qb6 11. Kh1 Rad8 12. Qe2 Rfe8 13. a4 e5 14. Nb3 Qa6 15. Qf3 h6 16. Bd2 dxe4 17. dxe4 c5 18. Bc3 Nf8 19. Rfd1 b6 20. Bd2 c4 21. Nc1 Bc5 22. Ne2 Rd6 23. Nc3 Red8 24. Be1 Ne6 25. Rxd6 Rxd6 26. Nb5 Nd4 27. Nxd4 Bxd4 28. c3 Bc5 29. Bf1 Qb7 30. Bxc4 Nxe4 31. Bxf7+ Qxf7 32. Qxe4 Bxf2 33. Kg2 Rf6 34. Qa8+ Kh7 35. Qe4+ Kg8 36. Qa8+ Kh7 37. Qe4+ g6 38. Qe2 Bc5 39. b4 Qd5+ 40. Kh2 Bd6 41. Rd1 Qf7 42. Qe4 Bc7 43. Kg2 Rd6 44. Rxd6 Bxd6 45. Bf2 Qd7 46. h4 h5 47. Qd5 Qe7 48. a5 e4 49. Be3 bxa5 50. Qxa5 Qe6 51. Qxa7+ Kg8 52. Qa8+ Kf7 53. Qa7+ Kg8 54. Bd4 Bf8 55. Qa8 Qf5 56. Bc5 Qf3+ 57. Kh2 Qe2+ 58. Kg1 Qe1+ 59. Kg2 Qe2+ 60. Kg1 Qe1+ 61. Kg2 Qe2+ 62. Kg1 1/2-1/2


[Site "https://www.chess.com"]

[Event "Titled Tuesday Blitz March 08 Late 2022"]
[White "Sztokbant, Bernardo Vainzoff"]
[Black "Nikologorsky, Matfei"]
[WhiteFideId "2115956"]
[BlackFideId "24102474"]
[WhiteElo "2237"]
[BlackElo "2231"]
[Result "0-1"]
[Round "07"]
[TimeControl "180+1"]
[Date "2022.03.09"]
[WhiteClock "0:01:47"]
[BlackClock "0:01:27"]

1. e4 c5 2. Nf3 e6 3. d4 cxd4 4. Nxd4 a6 5. Nc3 Qc7 6. Bd3 Nc6 7. Nxc6 dxc6 8. O-O Nf6 9. f4 e5 10. fxe5 Ng4 11. Qe2 Nxe5 12. Bf4 Bd6 13. Rad1 O-O 14. Bg3 Bg4 15. Qe3 Bxd1 16. Rxd1 Rad8 17. Rf1 Ng4 18. Bxd6 Qxd6 19. Qh3 Qd4+ 20. Kh1 Nf2+ 21. Rxf2 Qxf2 22. g3 Rxd3 23. cxd3 Qxb2 0-1


[Site "https://www.chess.com"]

[Event "Titled Tuesday Blitz March 08 Late 2022"]
[White "Tari, Aryan"]
[Black "Papasimakopoulos, Alexandros"]
[WhiteFideId "1510045"]
[BlackFideId "4244125"]
[WhiteElo "2567"]
[BlackElo "2340"]
[Result "1-0"]
[Round "07"]
[TimeControl "180+1"]
[Date "2022.03.08"]
[WhiteClock "0:00:22"]
[BlackClock "0:00:47"]

1. Nf3 f5 2. d3 d6 3. e4 g6 4. h4 h6 5. h5 g5 6. Nd4 f4 7. g3 fxg3 8. fxg3 Nc6 9. Nxc6 bxc6 10. Nc3 Bg7 11. Be2 Nf6 12. d4 Be6 13. Be3 Rb8 14. b3 Qd7 15. Qd2 Ng4 16. O-O-O Nxe3 17. Qxe3 O-O 18. e5 c5 19. d5 Bf5 20. g4 Bh7 21. Ne4 Rf4 22. e6 Qe8 23. Bd3 c4 24. bxc4 Qa4 25. Kd2 Bxe4 26. Bxe4 Qxc4 27. Bd3 Bc3+ 28. Ke2 Qxd5 29. Bh7+ Kxh7 30. Rxd5 Bf6 31. Rf5 Rxg4 32. Rxf6 exf6 33. e7 Re8 34. Qe6 1-0


[Site "https://www.chess.com"]

[Event "Titled Tuesday Blitz March 08 Late 2022"]
[White "Thavandiran, Shiyam"]
[Black "Mirzoev, Azer"]
[WhiteFideId "2605058"]
[BlackFideId "13400304"]
[WhiteElo "2357"]
[BlackElo "2525"]
[Result "1/2-1/2"]
[Round "07"]
[TimeControl "180+1"]
[Date "2022.03.08"]
[WhiteClock "0:00:07"]
[BlackClock "0:00:09"]

1. e4 e6 2. d4 d5 3. exd5 exd5 4. Nf3 Bg4 5. h3 Bh5 6. Qe2+ Qe7 7. Be3 Nc6 8. Nc3 O-O-O 9. O-O-O Nf6 10. Qb5 Qb4 11. g4 Bg6 12. Ne5 Qxb5 13. Bxb5 Nxe5 14. dxe5 Ne4 15. Bxa7 Nxc3 16. bxc3 Ba3+ 17. Kb1 b6 18. Bc6 h5 19. f3 hxg4 20. hxg4 Rxh1 21. Rxh1 d4 22. cxd4 Rxd4 23. Rh8+ Rd8 24. Bb7+ Kd7 25. Bc6+ Ke7 26. Rxd8 Kxd8 27. f4 f5 28. gxf5 Bxf5 29. Bb5 Be4 30. Bd3 Bxd3 31. cxd3 Kc8 32. f5 Kb7 33. Bxb6 cxb6 34. f6 gxf6 35. exf6 Kc6 36. Kc2 Bf8 37. Kb3 Kb5 38. d4 Bd6 39. a4+ Kc6 40. Kc4 Bf8 41. d5+ Kc7 42. Kb5 Bd6 43. f7 Bf8 44. Ka6 Be7 45. Kb5 Bf8 46. Kc4 Be7 47. Kd4 Kd6 48. Ke4 Bf8 49. Kd4 Bg7+ 50. Kc4 Bf8 51. Kb5 Kc7 1/2-1/2


[Site "https://www.chess.com"]

[Event "Titled Tuesday Blitz March 08 Late 2022"]
[White "Tristan, Leonardo"]
[Black "Suarez Uriel, Adrian"]
[WhiteFideId "113816"]
[BlackFideId "22230874"]
[WhiteElo "2404"]
[BlackElo "2316"]
[Result "0-1"]
[Round "07"]
[TimeControl "180+1"]
[Date "2022.03.08"]
[WhiteClock "0:02:28"]
[BlackClock "0:02:29"]

1. e4 c5 2. Nc3 Nc6 3. Bb5 Nd4 4. Nf3 e6 5. O-O a6 6. Bd3 b5 7. Nxd4 cxd4 8. Ne2 Bc5 9. b4 Bb6 10. Bb2 e5 11. f4 d6 12. fxe5 dxe5 13. Ng3 Nf6 14. a4 Bd7 15. axb5 axb5 16. Qe2 O-O 17. Bxb5 d3+ 0-1


[Site "https://www.chess.com"]

[Event "Titled Tuesday Blitz March 08 Late 2022"]
[White "Vargas Pereda, Jesus Manue"]
[Black "Rudzinska, Michalina"]
[WhiteFideId "5115710"]
[BlackFideId "1172883"]
[WhiteElo "1778"]
[BlackElo "1904"]
[Result "0-1"]
[Round "07"]
[TimeControl "180+1"]
[Date "2022.03.09"]
[WhiteClock "0:00:06"]
[BlackClock "0:00:54"]

1. d4 f6 2. e4 e6 3. Nc3 b6 4. Bd3 Bb7 5. Qe2 Bb4 6. Bd2 d6 7. Nf3 Nd7 8. O-O Qe7 9. a3 Bxc3 10. Bxc3 g5 11. e5 dxe5 12. dxe5 f5 13. Bd2 g4 14. Nd4 O-O-O 15. Ba6 Kb8 16. b4 c5 17. bxc5 Nxc5 18. Bxb7 Kxb7 19. Be3 h5 20. Rfb1 f4 21. a4 fxe3 22. fxe3 Nh6 23. a5 Nf5 24. axb6 a6 25. Nb5 Ra8 26. Nd6+ Nxd6 27. exd6 Qxd6 28. Rd1 Qe5 29. Ra5 Rhd8 30. Rb1 Rd5 31. c4 Rd6 32. g3 Rxb6 33. Qg2+ Kc7 34. Qxa8 Rxb1+ 35. Kg2 Rb2+ 36. Kg1 Qxe3+ 37. Kh1 Qc1# 0-1


[Site "https://www.chess.com"]

[Event "Titled Tuesday Blitz March 08 Late 2022"]
[White "Vifleemskaia, Svetlana"]
[Black "Burke, Paul"]
[WhiteFideId "4129490"]
[BlackFideId "2605767"]
[WhiteElo "1901"]
[BlackElo "1903"]
[Result "1/2-1/2"]
[Round "07"]
[TimeControl "180+1"]
[Date "2022.03.09"]
[WhiteClock "0:02:06"]
[BlackClock "0:02:20"]

1. d4 Nf6 2. c4 c5 3. d5 Ne4 4. f3 Qa5+ 5. Bd2 Nxd2 6. Qxd2 Qxd2+ 7. Nxd2 d6 8. e4 g6 9. Bd3 Bg7 10. O-O-O Na6 11. a3 O-O 12. h4 h6 13. h5 g5 14. Ne2 Bd7 15. g4 Nc7 16. Nc3 a6 17. a4 b6 18. Ndb1 Rfb8 19. Kc2 b5 20. axb5 axb5 21. cxb5 Nxb5 22. Nxb5 Bxb5 23. Bxb5 Rxb5 24. Nc3 Bxc3 25. bxc3 Ra2+ 26. Kd3 Rf2 27. Rhf1 Rbb2 28. Rxf2 Rxf2 29. Ke3 Rc2 30. Kd3 Rf2 31. Ke3 Rc2 32. Kd3 Rf2 1/2-1/2


[Site "https://www.chess.com"]

[Event "Titled Tuesday Blitz March 08 Late 2022"]
[White "Vusatiuk, Vladimir"]
[Black "Djordjevic, Vuk"]
[WhiteFideId "14118610"]
[BlackFideId "902098"]
[WhiteElo "2157"]
[BlackElo "2463"]
[Result "1-0"]
[Round "07"]
[TimeControl "180+1"]
[Date "2022.03.08"]
[WhiteClock "0:00:08"]
[BlackClock "0:00:01"]

1. d4 b6 2. e4 Bb7 3. Bd3 e6 4. Qe2 d5 5. exd5 Qxd5 6. Nf3 Nf6 7. O-O Nbd7 8. Nc3 Qh5 9. Ne4 Be7 10. h3 Rd8 11. Bg5 h6 12. Bf4 Rc8 13. Ng3 Bxf3 14. Nxh5 Bxe2 15. Nxf6+ Bxf6 16. Bxe2 g5 17. Ba6 Ra8 18. Bxc7 Ke7 19. c3 h5 20. Rfe1 g4 21. hxg4 hxg4 22. d5 Rag8 23. dxe6 fxe6 24. Bc4 Nf8 25. Rad1 Rg6 26. Bd6+ Kf7 27. Bxf8 Rxf8 28. Rxe6 Kg7 29. Rd7+ Kh6 30. Rxa7 Rd8 31. Kf1 Rd1+ 32. Ke2 Rb1 33. Rxb6 Rc1 34. Bd3 1-0


[Site "https://www.chess.com"]

[Event "Titled Tuesday Blitz March 08 Late 2022"]
[White "Wartiovaara, Oliver"]
[Black "Moral Garcia, Serafin"]
[WhiteFideId "513024"]
[BlackFideId "2201925"]
[WhiteElo "1971"]
[BlackElo "2228"]
[Result "0-1"]
[Round "07"]
[TimeControl "180+1"]
[Date "2022.03.09"]
[WhiteClock "0:01:45"]
[BlackClock "0:02:20"]

1. e4 e5 2. h3 Nf6 3. Nc3 Bb4 4. a3 Bxc3 5. dxc3 O-O 6. Bd3 d5 7. exd5 Qxd5 8. f3 Be6 9. Be3 Nbd7 10. Ne2 Qc6 11. O-O Rad8 12. Qe1 Nc5 13. Rd1 Rd7 14. Qf2 Nxd3 15. cxd3 Rfd8 16. d4 Bc4 17. Rd2 e4 18. Qg3 exf3 19. Rxf3 Ne4 0-1


[Site "https://www.chess.com"]

[Event "Titled Tuesday Blitz March 08 Late 2022"]
[White "Zhurbinsky, David"]
[Black "Dilmukhametov, Artur"]
[WhiteFideId "2072904"]
[BlackFideId "24179922"]
[WhiteElo "2547"]
[BlackElo "2237"]
[Result "0-1"]
[Round "07"]
[TimeControl "180+1"]
[Date "2022.03.09"]
[WhiteClock "0:00:01"]
[BlackClock "0:00:24"]

1. e4 e6 2. d4 d5 3. Nc3 Bb4 4. e5 c5 5. a3 Ba5 6. f4 Ne7 7. Nf3 Nbc6 8. Be3 Nf5 9. Bf2 cxd4 10. Nxd4 Ncxd4 11. Bxd4 Nxd4 12. Qxd4 Bb6 13. Qd2 Bd7 14. Bd3 Qh4+ 15. g3 Qh5 16. Be2 Qh6 17. O-O-O Rc8 18. Bb5 Bxb5 19. Nxb5 O-O 20. g4 Qh3 21. Kb1 Qxg4 22. Nd6 Rc7 23. h4 Bc5 24. Nb5 Rc6 25. h5 h6 26. Rh2 Rfc8 27. Rf1 a6 28. Nc3 Bxa3 29. Rg2 Qxh5 30. f5 Bf8 31. f6 g6 32. Qe3 Rc4 33. Rfg1 Kh7 34. Nd1 Bc5 35. Qg3 Bxg1 36. Rxg1 Rxc2 37. Ne3 Re2 38. Nd1 Qf5+ 39. Qd3 Qxd3+ 40. Ka1 Rc1+ 41. Ka2 Rxd1 42. Rg4 Rxb2+ 43. Kxb2 Rb1+ 0-1


[Site "https://www.chess.com"]

[Event "Titled Tuesday Blitz March 08 Late 2022"]
[White "orkinyo12345"]
[Black "Yuan, Qingyu"]
[BlackFideId "8609772"]
[WhiteElo "2530"]
[BlackElo "2359"]
[Result "1-0"]
[Round "07"]
[TimeControl "180+1"]
[Date "2022.03.08"]
[WhiteClock "0:00:15"]
[BlackClock "0:00:13"]

1. c4 g6 2. g3 c5 3. Bg2 Bg7 4. Nc3 Nc6 5. Nf3 e6 6. h4 h6 7. e3 Nge7 8. d4 cxd4 9. Nxd4 O-O 10. O-O d5 11. cxd5 exd5 12. Qb3 Nxd4 13. exd4 Be6 14. Qxb7 Rb8 15. Qxa7 Nc6 16. Qa4 Nxd4 17. Bxh6 Bxh6 18. Qxd4 Rxb2 19. Nxd5 Bg7 20. Qd3 Rb6 21. Rad1 Rb2 22. Qa3 Qb8 23. Ne7+ Kh8 24. h5 Rxa2 25. Qf3 Qa7 26. Nc6 Qa3 27. Qxa3 Rxa3 28. hxg6 fxg6 29. Be4 g5 30. Kg2 Ra2 31. Ne7 Rf6 32. Rd8+ Bf8 33. Ng6+ Kg7 34. Nxf8 Rxf8 35. Rxf8 Kxf8 36. Kf3 Bf7 37. Ke3 Ra3+ 38. Kd4 Ra4+ 39. Ke5 Ke7 40. Rd1 Ra5+ 41. Bd5 Bg6 42. Rc1 Rb5 43. Rc7+ Kd8 44. Rg7 Be8 45. Rxg5 Rb2 46. Kd6 Rxf2 47. Rg8 Rf6+ 48. Ke5 Ra6 49. Bf7 Ra5+ 50. Kd4 Ra4+ 51. Kd3 Ra3+ 52. Kd2 Ke7 53. Bxe8 Ra8 54. Bf7 Ra7 55. Bc4 Kf6 56. Be2 Rd7+ 57. Ke1 Kf7 58. Rg5 Kf6 59. Ra5 Rg7 60. g4 Re7 61. Kf2 Kg6 62. Bf3 Kf6 63. Kg3 Kg7 64. Kf4 Rc7 65. Rb5 Rc4+ 66. Be4 Rc7 67. g5 Kf7 68. Rb7 Rxb7 69. Bxb7 Kg7 70. Be4 Kh8 71. Kf5 Kg7 72. Bd5 Kh8 73. Be4 Kg7 74. g6 Kh8 75. Kf6 Kg8 76. Bd5+ Kh8 77. g7+ Kh7 78. g8=Q+ Kh6 79. Qg6# 1-0


[Site "https://www.chess.com"]

[Event "Titled Tuesday Blitz March 08 Late 2022"]
[White "Andersson, Bjorn 1971"]
[Black "Morris-Suzuki, Sophie"]
[WhiteFideId "1702114"]
[BlackFideId "30922615"]
[WhiteElo "2207"]
[BlackElo "2496"]
[Result "1-0"]
[Round "08"]
[TimeControl "180+1"]
[Date "2022.03.09"]
[WhiteClock "0:00:18"]
[BlackClock "0:00:01"]

1. e4 c5 2. Nf3 e6 3. d4 cxd4 4. Nxd4 a6 5. Bd3 Bc5 6. Nb3 Be7 7. O-O d6 8. Kh1 Nd7 9. f4 Ngf6 10. Nc3 Qc7 11. f5 O-O 12. Bg5 Ne5 13. Qe2 b5 14. Nd4 Bd7 15. Nd1 Rac8 16. c3 Qb7 17. Nf2 Nxd3 18. Qxd3 e5 19. Bxf6 Bxf6 20. Nb3 b4 21. c4 Qc7 22. Nd2 a5 23. b3 a4 24. Ng4 Bg5 25. Nf3 Be7 26. Ne3 Bc6 27. Nd5 Bxd5 28. Qxd5 Qd7 29. Nxe5 Qc7 30. Ng4 Qc5 31. f6 Qxd5 32. exd5 Bxf6 33. Nxf6+ gxf6 34. Rxf6 Ra8 35. Rb1 axb3 36. axb3 Rfd8 37. h4 Ra3 38. Rf3 Kg7 39. Rbf1 Rd7 40. Kh2 Kg6 41. Kh3 f5 42. g4 fxg4+ 43. Kxg4 h5+ 44. Kg3 Rg7 45. Re1 Rf7 46. Re6+ Kg7 47. Rfe3 Rd7 48. Kf4 Ra1 49. Re7+ Rxe7 50. Rxe7+ Kh6 51. Re6+ Kg7 52. Rxd6 Rb1 53. Rb6 Rxb3 54. d6 Kf7 55. c5 Ke6 56. Ke4 Rc3 57. Kd4 Rc1 58. Rb8 Rh1 59. Re8+ Kd7 60. Re7+ Kd8 61. c6 Rxh4+ 62. Kc5 Rg4 63. Rh7 Rg5+ 64. Kb6 Ke8 65. d7+ Kd8 66. Rh8+ Ke7 67. d8=Q+ Ke6 68. Qxg5 b3 69. Rh6+ Kf7 70. Qg6+ Kf8 71. Rh7 b2 72. Qf7# 1-0


[Site "https://www.chess.com"]

[Event "Titled Tuesday Blitz March 08 Late 2022"]
[White "Antonova, Nadezhda"]
[Black "Galego, Luis"]
[WhiteFideId "14700182"]
[BlackFideId "1900072"]
[WhiteElo "1751"]
[BlackElo "2516"]
[Result "0-1"]
[Round "08"]
[TimeControl "180+1"]
[Date "2022.03.09"]
[WhiteClock "0:00:31"]
[BlackClock "0:01:18"]

1. Nf3 Nf6 2. b3 g6 3. Bb2 Bg7 4. g3 O-O 5. Bg2 d6 6. d4 e5 7. dxe5 Ng4 8. Qd2 Nc6 9. O-O Ngxe5 10. c4 Nxf3+ 11. exf3 Re8 12. Bxg7 Kxg7 13. Nc3 Be6 14. f4 Qf6 15. Rad1 a6 16. Nd5 Bxd5 17. Bxd5 Re7 18. Rfe1 Rae8 19. Rxe7 Qxe7 20. Bf3 Nd8 21. Qd4+ Qf6 22. Kg2 Qxd4 23. Rxd4 f5 24. Rd2 Kf6 25. Bd5 Re1 26. Bf3 Ke7 27. Rc2 a5 28. c5 c6 29. cxd6+ Kxd6 30. Rd2+ Kc7 31. g4 Ne6 32. gxf5 gxf5 33. Bh5 Nxf4+ 0-1


[Site "https://www.chess.com"]

[Event "Titled Tuesday Blitz March 08 Late 2022"]
[White "Arabidze, Meri"]
[Black "Li, Ben"]
[WhiteFideId "13604040"]
[BlackFideId "2089980"]
[WhiteElo "2335"]
[BlackElo "2267"]
[Result "1-0"]
[Round "08"]
[TimeControl "180+1"]
[Date "2022.03.08"]
[WhiteClock "0:00:35"]
[BlackClock "0:00:07"]

1. Nf3 d5 2. e3 c5 3. b3 Nc6 4. Bb5 Bd7 5. Bb2 Nf6 6. O-O e6 7. d3 Be7 8. Nbd2 O-O 9. Bxc6 Bxc6 10. Ne5 Be8 11. f4 Nd7 12. Qg4 Bf6 13. Ndf3 Rc8 14. c4 g6 15. Rad1 Bg7 16. Nxd7 Bxd7 17. Bxg7 Kxg7 18. Ne5 Be8 19. Qh3 f6 20. Ng4 h5 21. Nf2 Qe7 22. e4 dxe4 23. Nxe4 Rd8 24. Qe3 b6 25. d4 cxd4 26. Rxd4 Bc6 27. Rfd1 Rxd4 28. Qxd4 e5 29. fxe5 fxe5 30. Qd6 Qxd6 31. Nxd6 a5 32. a3 Kf6 33. Rf1+ Ke7 34. Rxf8 Kxf8 35. Nc8 b5 36. cxb5 Bxb5 37. Nd6 Bd3 38. Nb7 Ke7 39. Nxa5 Kd6 40. Kf2 Kc5 41. Ke3 Bc2 42. Nc4 Bxb3 43. Nxe5 Bc2 44. Kf4 Kd5 45. Nf3 Ke6 46. Kg5 Kf7 47. Nd4 Kg7 48. Nxc2 1-0


[Site "https://www.chess.com"]

[Event "Titled Tuesday Blitz March 08 Late 2022"]
[White "Ardila, Oscar Humberto"]
[Black "Vifleemskaia, Svetlana"]
[WhiteFideId "4404742"]
[BlackFideId "4129490"]
[WhiteElo "1966"]
[BlackElo "1901"]
[Result "1/2-1/2"]
[Round "08"]
[TimeControl "180+1"]
[Date "2022.03.09"]
[WhiteClock "0:00:04"]
[BlackClock "0:00:04"]

1. d4 Nf6 2. c4 e6 3. Nc3 Bb4 4. Bd2 O-O 5. Nf3 b6 6. e3 Bb7 7. Be2 d6 8. O-O Nbd7 9. Rc1 a5 10. Qc2 Qe7 11. h3 Bxc3 12. Bxc3 Ne4 13. Be1 f5 14. Nd2 Ndf6 15. Nxe4 Bxe4 16. Bd3 c5 17. Bc3 Bxd3 18. Qxd3 Ne4 19. Be1 a4 20. f3 Nf6 21. d5 e5 22. Qxf5 Nxd5 23. Qd3 Nf6 24. Rd1 Rfd8 25. Bh4 Qe6 26. Bxf6 gxf6 27. e4 Ra7 28. b3 a3 29. Qe3 Rg7 30. Kh2 f5 31. exf5 Qxf5 32. Qe4 Qxe4 33. fxe4 Rf7 34. Kg3 Kf8 35. Rxf7+ Kxf7 36. Kg4 Ke6 37. Kf3 Rf8+ 38. Ke3 h5 39. g4 hxg4 40. hxg4 Rg8 41. Rg1 Kf6 42. Kf3 Kg5 43. Kg3 Rf8 44. Rd1 Rf6 45. Rd2 Rf4 46. Rxd6 Rxe4 47. Rxb6 Rxg4+ 48. Kf3 Rd4 49. Rb5 Rd2 50. Rxc5 Kf5 51. Ra5 Rxa2 52. Ke3 Ra1 53. Kd2 a2 54. Kc2 Ke4 55. Kb2 Re1 56. Kxa2 Kd4 57. Kb2 e4 58. Rd5+ Ke3 59. Kc3 Rc1+ 60. Kb4 Rb1 61. c5 Kf4 62. c6 e3 63. Rd8 e2 64. Re8 e1=Q+ 65. Rxe1 Rxe1 66. Kc5 Rc1+ 67. Kb6 Ke4 68. c7 Kd4 69. Kb7 Rc5 70. b4 Rxc7+ 71. Kxc7 Kc4 72. b5 Kxb5 1/2-1/2


[Site "https://www.chess.com"]

[Event "Titled Tuesday Blitz March 08 Late 2022"]
[White "Bellahcene, Bilel"]
[Black "Erdogdu, Mert"]
[WhiteFideId "696358"]
[BlackFideId "6301495"]
[WhiteElo "2562"]
[BlackElo "2485"]
[Result "0-1"]
[Round "08"]
[TimeControl "180+1"]
[Date "2022.03.08"]
[WhiteClock "0:00:05"]
[BlackClock "0:00:23"]

1. d4 d5 2. Bf4 e6 3. e3 Nf6 4. Nd2 Bd6 5. Bg3 c5 6. c3 O-O 7. Bd3 Nc6 8. f4 Ne7 9. Bh4 Nf5 10. Bxf6 Qxf6 11. Qe2 cxd4 12. cxd4 Bd7 13. Ngf3 Rfc8 14. g4 Nxe3 15. Qxe3 Bxf4 16. g5 Bxe3 17. gxf6 gxf6 18. Ke2 Bh6 19. Rhg1+ Kf8 20. Rac1 Ke7 21. b4 Bf4 22. Rc5 h6 23. Nb3 b6 24. Rxc8 Rxc8 25. h3 Bd6 26. a3 Rc3 27. Nfd2 Ba4 28. Rc1 Rxb3 29. Nxb3 Bxb3 30. Bb5 a5 31. Rc8 f5 32. Rc3 Ba2 33. bxa5 bxa5 34. Rc6 Bxa3 35. Rc7+ Kf6 36. Be8 Be7 37. Ra7 Bc4+ 38. Kf3 Bd3 39. Rxa5 Be4+ 40. Ke3 Kg7 41. Ra7 Kf8 42. Ba4 Bg5+ 43. Ke2 f4 44. Bb5 f3+ 45. Kf1 Be3 46. Ra4 Kg7 47. Rb4 Bf5 48. Ba4 Bxh3+ 49. Ke1 f2+ 50. Ke2 f1=Q+ 51. Kxe3 Qe1+ 52. Kf4 Qxb4 53. Kg3 Qxa4 54. Kh4 Qxd4+ 55. Kh5 Qg4# 0-1


[Site "https://www.chess.com"]

[Event "Titled Tuesday Blitz March 08 Late 2022"]
[White "Bellissimo, Joseph F."]
[Black "Moral Garcia, Serafin"]
[WhiteFideId "2609843"]
[BlackFideId "2201925"]
[WhiteElo "2061"]
[BlackElo "2228"]
[Result "1-0"]
[Round "08"]
[TimeControl "180+1"]
[Date "2022.03.09"]
[WhiteClock "0:02:00"]
[BlackClock "0:00:55"]

1. e4 e5 2. Nf3 Nc6 3. Bc4 Bc5 4. c3 Nf6 5. d3 a6 6. Bb3 Ba7 7. h3 d6 8. Nbd2 O-O 9. Nf1 Be6 10. Bc2 d5 11. Qe2 Re8 12. Ng3 h6 13. O-O Qd7 14. Kh2 Rad8 15. Nh4 Ne7 16. f4 exf4 17. Bxf4 Nh7 18. Nh5 dxe4 19. dxe4 Nf8 20. Bxh6 Qd6+ 21. e5 Bc4 22. Qxc4 Qxh6 23. Qxf7+ Kh8 24. Rad1 Qe3 25. Qxg7# 1-0


[Site "https://www.chess.com"]

[Event "Titled Tuesday Blitz March 08 Late 2022"]
[White "Bluebaum, Matthias"]
[Black "Rostovtsev, Dmitry"]
[WhiteFideId "24651516"]
[BlackFideId "34278320"]
[WhiteElo "2550"]
[BlackElo "2359"]
[Result "1-0"]
[Round "08"]
[TimeControl "180+1"]
[Date "2022.03.08"]
[WhiteClock "0:00:59"]
[BlackClock "0:00:01"]

1. b3 e5 2. Bb2 Nc6 3. e3 d5 4. Bb5 f6 5. f4 exf4 6. exf4 Bc5 7. Qh5+ g6 8. Qe2+ Kf7 9. Bxc6 bxc6 10. Nc3 Qe7 11. O-O-O Qxe2 12. Ngxe2 Ne7 13. Na4 Bd6 14. Rde1 Re8 15. Nd4 Bd7 16. Nf3 Nf5 17. g4 Ng7 18. g5 Bxf4 19. gxf6 Nh5 20. Ne5+ Bxe5 21. Bxe5 Bf5 22. Bxc7 Nxf6 23. d3 Ng4 24. Kd2 h5 25. Kc3 h4 26. Nc5 h3 27. Kb4 a5+ 28. Ka4 Ne3 29. Re2 d4 30. Rhe1 Nxc2 31. Rxe8 Rxe8 32. Rxe8 Kxe8 33. Kxa5 Ne1 34. Be5 Nf3 35. Bg3 Nd2 36. a4 Nf1 37. Be5 g5 38. Kb6 g4 39. a5 g3 40. a6 g2 41. a7 g1=Q 42. a8=Q+ Kf7 43. Qb7+ Ke8 44. Qb8+ Kf7 45. Qc7+ Ke8 46. Nb7 Be6 47. Qd8+ Kf7 48. Qf6+ Ke8 49. Qxe6+ Kf8 50. Qf6+ Kg8 51. Nd6 Ne3 52. Qh8# 1-0


[Site "https://www.chess.com"]

[Event "Titled Tuesday Blitz March 08 Late 2022"]
[White "Brunner, Nicolas"]
[Black "Csonka, Balazs"]
[WhiteFideId "620246"]
[BlackFideId "742910"]
[WhiteElo "2372"]
[BlackElo "2404"]
[Result "1-0"]
[Round "08"]
[TimeControl "180+1"]
[Date "2022.03.09"]
[WhiteClock "0:00:03"]
[BlackClock "0:00:02"]

1. d4 Nf6 2. c4 e6 3. g3 d5 4. Bg2 dxc4 5. Nf3 Bd7 6. Ne5 Bc6 7. Nxc6 Nxc6 8. O-O Qd7 9. e3 Rd8 10. Qe2 e5 11. Qxc4 exd4 12. exd4 Nxd4 13. Bxb7 c6 14. Ba6 Qh3 15. f3 h5 16. Be3 h4 17. Bxd4 hxg3 18. Qxc6+ Nd7 19. Re1+ Be7 20. Qc2 Kf8 21. Qg2 Qxh2+ 22. Qxh2 Rxh2 23. Nc3 Ne5 24. Rxe5 Rxd4 25. Rae1 Rd7 26. Ne4 f6 27. Rb5 Rc2 28. Nxg3 Bc5+ 29. Rxc5 Rxc5 30. Ne4 Re5 31. Bc4 f5 32. Kf2 fxe4 33. fxe4 Rd2+ 34. Kf3 Rxb2 35. Rd1 Rb6 36. Rd7 Rf6+ 37. Ke3 a5 38. Rd8+ Re8 39. Rd7 Re7 40. Rd8+ Re8 41. Rd7 g5 42. Ra7 g4 43. Rxa5 Rg6 44. Rf5+ Kg7 45. Bf7 g3 46. Bxg6 Kxg6 47. Rf3 Ra8 48. Rxg3+ Kf6 49. Rg2 Ke5 50. Rg5+ Kf6 51. Rf5+ Ke6 52. Rf2 1-0


[Site "https://www.chess.com"]

[Event "Titled Tuesday Blitz March 08 Late 2022"]
[White "Bryakin, Mikhail"]
[Black "Shuvalova, Polina"]
[WhiteFideId "4165314"]
[BlackFideId "24171760"]
[WhiteElo "2417"]
[BlackElo "2355"]
[Result "0-1"]
[Round "08"]
[TimeControl "180+1"]
[Date "2022.03.08"]
[WhiteClock "0:00:36"]
[BlackClock "0:00:24"]

1. e4 c5 2. c3 Nf6 3. e5 Nd5 4. d4 cxd4 5. Bc4 Nb6 6. Bb3 d6 7. cxd4 dxe5 8. dxe5 Qxd1+ 9. Bxd1 Nc6 10. f4 Bf5 11. Nc3 e6 12. Nf3 Be7 13. b3 Bb4 14. Bd2 O-O-O 15. Nb5 Be7 16. Rc1 Kb8 17. Bc3 a6 18. Nd6 Bxd6 19. exd6 f6 20. Be2 Rxd6 21. Kf2 Nd5 22. Bd2 Rhd8 23. h3 h6 24. g4 Be4 25. Rhe1 Ndb4 26. Bxb4 Nxb4 27. a4 Bd3 28. Rc3 Bxe2 29. Rxe2 Rc8 30. Rce3 Rcc6 31. Kg3 Nd5 32. Rd3 Nxf4 0-1


[Site "https://www.chess.com"]

[Event "Titled Tuesday Blitz March 08 Late 2022"]
[White "Burke, Paul"]
[Black "Osmonbekov, Talaibek"]
[WhiteFideId "2605767"]
[BlackFideId "2017253"]
[WhiteElo "1910"]
[BlackElo "2135"]
[Result "0-1"]
[Round "08"]
[TimeControl "180+1"]
[Date "2022.03.09"]
[WhiteClock "0:01:00"]
[BlackClock "0:01:24"]

1. e4 c5 2. d4 cxd4 3. c3 d3 4. Bxd3 g6 5. Nf3 Bg7 6. Bc4 Nc6 7. Bg5 d6 8. Qb3 Nh6 9. Bxh6 Bxh6 10. Bxf7+ Kf8 11. Bd5 Kg7 12. O-O Rf8 13. Bxc6 bxc6 14. e5 Rxf3 15. gxf3 Bh3 16. Re1 e6 17. Kh1 Qh4 18. Qc2 d5 19. Rg1 Rf8 20. Qe2 Bf4 21. Rg3 Rf5 22. Na3 Rh5 23. Rag1 Bf1 0-1


[Site "https://www.chess.com"]